 Dungeon Crawl Stone Soup version 0.20.0-15-g7f486f2 (webtiles) character file.

739 Revguard the Shield-Bearer (level 8, -7/60 HPs)
             Began as a Formicid Fighter on June 18, 2017.
             Was an Initiate of Jiyva.
             Mangled by a crocodile (10 damage)
             ... in a sewer.
             The game lasted 00:29:06 (3866 turns).

Revguard the Shield-Bearer (Formicid Fighter)       Turns: 3866, Time: 00:29:07

Health: -7/60      AC: 10    Str: 21    XL:     8   Next: 4%
Magic:  8/8        EV:  7    Int:  8    God:    Jiyva [......]
Gold:   173        SH: 11    Dex: 12    Spells: 7/7 levels left

rFire    + + .     SeeInvis +   a - +0 long sword
rCold    x x .     Gourm    .   c - +0 shield
rNeg     . . .     Faith    .   s - +1 chain mail
rPois    .         Spirit   .   (helmet unavailable)
rElec    .         Reflect  .   (no cloak)
rCorr    .         Harm     .   (no gloves)
MR       .....                  (no boots)
Stlth    ..........             (no amulet)
Regen    0.2/turn               l - ring of fire
MPRegen  0.2/turn               k - ring of fire

@: no status effects
A: permanent stasis, dig shafts and tunnels, four strong arms, antennae 3
a: Dig, Shaft Self, Renounce Religion


You were in a sewer.
You worshipped Jiyva.
Jiyva was noncommittal.
You were not hungry.

You visited 2 branches of the dungeon, and saw 5 of its levels.
You also visited: Sewer.

You collected 173 gold pieces.

Inventory:

Hand Weapons
 a - a +0 long sword (weapon)
 f - a +1 mace of draining
Armour
 b - a +0 scale mail
 c - a +0 shield (worn)
 q - a +0 large shield
 s - a +1 chain mail (worn)
Jewellery
 e - an uncursed ring of wizardry
 k - a ring of fire (right hand)
 l - a ring of fire (left hand)
Scrolls
 g - 2 scrolls of teleportation
 h - a scroll of blinking
 m - 6 scrolls of remove curse
 r - a scroll of recharging
 t - a scroll of fear
Potions
 d - a potion of might
 i - a potion of brilliance
 n - a potion of magic
 p - a potion of haste
Comestibles
 o - 2 meat rations


   Skills:
 + Level 4.2 Fighting
 + Level 4.7 Long Blades
 + Level 4.8 Armour
 + Level 1.3 Dodging
 + Level 1.0 Stealth
 * Level 7.3 Shields


You had 7 spell levels left.
You didn't know any spells.

Dungeon Overview and Level Annotations

Branches:
Dungeon (4/15)             Temple (1/1) D:4

Altars:
Ashenzari
Cheibriados
Kikubaaqudgha
Makhleb
Nemelex Xobeh
Sif Muna
Xom
Yredelemnul
Zin
Jiyva


Innate Abilities, Weirdness & Mutations

You cannot be hasted, slowed, berserked, paralysed or teleported.
You can dig through walls and to a lower floor.
Your four strong arms can wield two-handed weapons with a shield.
You have a pair of large antennae on your head. (SInv)


Message History

* * * LOW HITPOINT WARNING * * *
You see here a bat corpse.
You block the crocodile's attack. The crocodile barely misses you.
You riposte.
You barely miss the crocodile.
The crocodile is lightly wounded.
The crocodile bites you!
* * * LOW HITPOINT WARNING * * *
As you read the scroll labeled ISUEPESOOS, it crumbles to dust.
The scroll dissolves into smoke.
It was a scroll of fog.
The crocodile barely misses you. You block the crocodile's attack.
As you read the scroll labeled DODE IZAFAXKIR, it crumbles to dust.
You hear a loud clanging noise!
It was a scroll of noise.
The crocodile bites you but does no damage.
As you read the scroll labeled JEOWNUL ESEM, it crumbles to dust.
It is a scroll of enchant armour.
Your +0 chain mail glows green for a moment.
The crocodile bites you!
You die...

#.# #.# #.# #######
#.# ##§§...## #.#
##§§§≈...## #.#
##§§§§§≈...#######.#
#.§t§§§≈≈..........#
##.@§§§≈.†.#######.#
##§§.§§..## #.#
##..§..## #.#
####### #.# #....
#..... #..... #.....
#.....


You could see a crocodile.

Vanquished Creatures
  Sigmund (D:3)
  Duvessa (D:4)
  2 ogres (D:4)
  Dowan (D:4)
  2 hounds
  Terence (D:3)
  6 adders
  An ooze (D:1)
  An adder skeleton (D:4)
  3 dart slugs
  3 worms
  3 leopard geckos
  9 orcs
  10 bats
  8 giant cockroaches
  8 goblins
  9 hobgoblins
  6 jackals
  8 kobolds
  A quokka (D:2)
  4 frilled lizards
  9 rats
97 creatures vanquished.

Notes
Turn   | Place    | Note
-------+----------+-------------------------------------------
     0 | D:1      | Revguard the Formicid Fighter began the quest for the Orb.
     0 | D:1      | Reached XP level 1. HP: 18/18 MP: 1/1
   195 | D:1      | Reached XP level 2. HP: 24/24 MP: 2/2
   807 | D:1      | Reached XP level 3. HP: 25/30 MP: 3/3
  1346 | D:2      | Reached XP level 4. HP: 34/37 MP: 4/4
  1424 | D:2      | Reached skill level 4 in Shields
  2000 | D:3      | Noticed Terence
  2012 | D:3      | Killed Terence
  2012 | D:3      | Reached XP level 5. HP: 39/42 MP: 5/5
  2294 | D:3      | Noticed Sigmund
  2344 | D:3      | Killed Sigmund
  2344 | D:3      | Reached skill level 1 in Dodging
  2344 | D:3      | Reached skill level 5 in Shields
  2344 | D:3      | Reached XP level 6. HP: 24/48 MP: 6/6
  3187 | D:4      | Noticed Dowan
  3188 | D:4      | Noticed Duvessa
  3219 | D:4      | Killed Duvessa
  3219 | D:4      | Reached skill level 6 in Shields
  3219 | D:4      | Reached XP level 7. HP: 22/54 MP: 7/7
  3223 | D:4      | Killed Dowan
  3223 | D:4      | Reached skill level 1 in Stealth
  3331 | D:4      | Found a staircase to the Ecumenical Temple.
  3343 | D:4      | HP: 2/54 [ogre/giant spiked club (22)]
  3349 | D:4      | Reached skill level 7 in Shields
  3349 | D:4      | Reached XP level 8. HP: 14/60 MP: 8/8
  3392 | Temple   | Entered the Ecumenical Temple
  3586 | Temple   | Became a worshipper of Jiyva Jofy the Shapeless
  3763 | D:4      | Found a glowing drain.
  3771 | Sewer    | Entered a sewer
  3860 | Sewer    | HP: 2/60 [crocodile (11)]
  3866 | Sewer    | Mangled by a crocodile

Skill      XL: |  1  2  3  4  5  6  7 |
---------------+----------------------+-----
Shields        | 4 5 6 7 |  7.3
Long Blades    | 3 4 |  4.7
Armour         | 4 |  4.8
Dodging        | 1 |  1.3
Fighting       | 4 |  4.2
Stealth        | 1 |  1.0

Action                   |  1- 3 |  4- 6 |  7- 9 || total
-------------------------+-------+-------+-------++-------
Melee: Long sword        |    74 |   236 |   127 ||   437
 Abil: Dig               |       |       |     1 ||     1
  Use: Scroll            |       |     7 |     4 ||    11
       Potion            |       |     4 |     4 ||     8
  Eat: Bread ration      |       |     1 |     1 ||     2
       Royal jelly       |       |     1 |       ||     1
Armor: Scale mail        |    40 |    38 |       ||    78
       Chain mail        |       |    59 |    57 ||   116
Dodge: Dodged            |    28 |    60 |    35 ||   123
Block: Shield            |    33 |   138 |    93 ||   264
       Large shield      |     5 |       |       ||     5
       Rpst.: Long sword |     9 |    15 |    11 ||    35
